 Dungeon Sprint DCSS version 0.22.0-21-g8bd1b0a (webtiles) character file.

392 wojtek the Fanfare of Bloodshed (level 6, -1/51 HPs)
             Began as a Demonspawn Fighter on Aug 19, 2018.
             Was a Believer of Makhleb.
             Slain by an orc knight
             ... wielding a +0 battleaxe
              (21 damage)
             ... in the Dungeon (Sprint V: "Ziggurat Sprint").
             The game lasted 00:02:33 (109 turns).

wojtek the Fanfare of Bloodshed (Demonspawn Fighter) Turns: 109, Time: 00:02:34

Health: -1/51      AC:  7    Str: 18    XL:     6   Next: 51%
Magic:  0/12       EV:  4    Int: 10    God:    Makhleb [**....]
Gold:   0          SH: 27    Dex: 12    Spells: 5/5 levels left

rFire    . . .     SeeInvis +   G - +14 obsidian axe {chop, +Fly SInv *Curse} (curse)
rCold    . . .     Gourm    .   I - +18 shield of the Gong {rElec rN+ MR+ EV-5}
rNeg     + . .     Faith    .   b - +0 scale mail
rPois    .         Spirit   +   (no helmet)
rElec    +         Reflect  .   (no cloak)
rCorr    .         Harm     .   (no gloves)
MR       +....     NoTele   +   (no boots)
Stlth    ..........             (no amulet)
HPRegen  0.17/turn              (no ring)
MPRegen  0.26/turn              (no ring)

@: marked, mesmerised
A: magic shield, magic regeneration
a: Minor Destruction, Renounce Religion, Evoke Flight


You were in the Dungeon.
You worshipped Makhleb.
Makhleb was pleased with you.
You were not hungry.

You visited 1 branch

Inventory:

Hand Weapons
 a - a +0 war axe
 G - the cursed +14 obsidian axe (weapon) {chop, +Fly SInv *Curse}
   (You found it in the Dungeon)

   It inflicts extra damage upon your enemies.
   It lets you see invisible.
   It lets you fly.
   It curses itself when equipped.
   It has a curse placed upon it.
 J - the +8 lance "Wyrmbane" {slay drac, rPois rF+ rC+ AC+3}
   (You found it in the Dungeon)

   It affects your AC (+3).
   It protects you from fire.
   It protects you from cold.
   It protects you from poison.
 N - a +5 broad axe
Armour
 b - a +0 scale mail (worn)
 c - a +0 shield
 H - the +15 Maxwell's patent armour {-Cast -Tele rElec MR+ rCorr}
   (You found it in the Dungeon)

   It insulates you from electricity.
   It affects your resistance to hostile enchantments.
   It prevents spellcasting.
   It prevents most forms of teleportation.
   It provides partial protection from all sources of acid and corrosion.
 I - the +18 shield of the Gong (worn) {rElec rN+ MR+ EV-5}
   (You found it in the Dungeon)

   It affects your evasion (-5).
   It insulates you from electricity.
   It protects you from negative energy.
   It affects your resistance to hostile enchantments.
 K - a +3 large shield
 L - a +5 crystal plate armour
 M - +5 gold dragon scales
Jewellery
 y - a +6 ring of dexterity
 z - a +6 ring of dexterity
 A - a +6 ring of intelligence
 B - a +6 ring of intelligence
 C - a +6 ring of strength
 D - a +6 ring of strength
 E - an uncursed ring of flight
 O - an uncursed ring of resist corrosion
Wands
 v - a wand of disintegration (7)
 w - a wand of iceblast (7)
 x - a wand of acid (7)
Scrolls
 k - 4 scrolls of blinking
 q - 4 scrolls of amnesia
 r - 7 scrolls of fog
 s - 5 scrolls of identify
 t - 5 scrolls of remove curse
 u - 2 scrolls of fear
Potions
 d - 6 potions of might
 e - 10 potions of curing
 g - 10 potions of heal wounds
 h - 6 potions of haste
 i - 7 potions of magic
 j - 3 potions of berserk rage
 l - 2 potions of brilliance
 m - 2 potions of invisibility
 n - 4 potions of resistance
 o - a potion of experience
 p - 5 potions of agility
Miscellaneous
 F - a lightning rod (4/4)
 Q - a lamp of fire
Comestibles
 f - 7 rations
 P - a chunk of flesh


   Skills:
 + Level 5.5 Fighting
 * Level 6.3 Axes
 + Level 5.0 Armour
 + Level 4.1 Dodging
 + Level 5.0 Shields
 - Level 8.5 Invocations
 + Level 4.4 Evocations


You had 5 spell levels left.
You didn't know any spells.
Your spell library was empty.

Dungeon Overview and Level Annotations

Branches:
Dungeon (1/1)

Altars:
Ashenzari
Cheibriados
Dithmenos
Elyvilon
Fedhas
Gozag
Hepliaklqana
Kikubaaqudgha
Makhleb
Nemelex Xobeh
Okawaru
Qazlal
Ru
Sif Muna
Trog
Uskayaw
Vehumet
Wu Jian
Xom
Yredelemnul
Zin
The Shining One
Beogh
Jiyva
Lugonu

Annotations:
D 1 transporter


Innate Abilities, Weirdness & Mutations

When hurt, damage is shared between your health and your magic reserves.
You regenerate magic rapidly.


Message History

Increase (S)trength, (I)ntelligence, or (D)exterity?
You feel stronger.
You hit the orc knight but do no damage.
You miss the deep elf knight.
Visions of slaying the deep elf knight flood into your mind.
You block the deep elf knight's attack.
PTOANNNG!
The orc knight hits you with a battleaxe!
The orc knight hits your neqoxec with a battleaxe!
Unknown command.
Unknown command.
You slice the orc knight!!
The orc knight is almost dead.
You miss the deep elf knight. Your ynoxinul hits the deep elf knight.
You block the deep elf knight's attack.
GONNNNG!
Your quasit barely misses the deep elf knight. x2
Your quasit claws the deep elf knight.
Your neqoxec misses the orc knight.
The orc knight hits you with a battleaxe!!
You die...

▓▓▓▓▓▓▓▓▓▓▓▓▓▓▓▓▓▓▓
▓.8©8.▓.8©8.▓.8©8.▓
▓..=:.▓.).).▓.....▓
▓..=..▓.....▓...}.▓
▓..3eo▓.....▓.....▓
▓.55@3▓.....▓.....▓
▓...5.▓.....▓..©..▓
▓..©..▓..©..▓▓▓▓▓▓▓
▓▓▓▓▓▓▓▓▓▓▓▓▓


You could see an orc knight, a deep elf knight, a friendly neqoxec, a friendly
ynoxinul, 2 friendly quasits and a friendly ufetubus.

Vanquished Creatures
  A vault sentinel (D)
  A water moccasin (D)
  2 iron imps (D)
  An adder (D)
5 creatures vanquished.

Vanquished Creatures (collateral kills)
  An adder (D)
  A bat simulacrum (D)
2 creatures vanquished.

Grand Total: 7 creatures vanquished

Notes
Turn   | Place    | Note
-------+----------+-------------------------------------------
     0 | D        | Found the +6 Majin-Bo {vamp, Archmagi MP+6 Int+6}
     0 | D        | Found the +7 great mace "Firestarter" {inner flame, rF++}
     0 | D        | wojtek the Demonspawn Fighter began the quest for the Orb.
     0 | D        | Reached XP level 1. HP: 18/18 MP: 1/1
     0 | D        | Found a deep blue altar of Sif Muna.
     0 | D        | Found a bloodstained altar of Trog.
     0 | D        | Found a sacrificial altar of Ru.
     0 | D        | Found a stormy altar of Qazlal.
     0 | D        | Found an iron altar of Okawaru.
     1 | D        | Found a sparkling altar of Nemelex Xobeh.
     1 | D        | Found a blossoming altar of Fedhas.
     3 | D        | Found a transporter.
     3 | D        | Found an ancient bone altar of Kikubaaqudgha.
     3 | D        | Found a viscous altar of Jiyva.
     3 | D        | Found a corrupted altar of Lugonu.
     3 | D        | Found a hazy altar of Hepliaklqana.
     3 | D        | Found a burning altar of Makhleb.
     3 | D        | Found an opulent altar of Gozag.
    20 | D        | Found the +9 heavy crossbow "Sniper" {velocity, Acc+∞ SInv}
    20 | D        | Found the +10 dark maul {crush}
    20 | D        | Found the +15 Maxwell's patent armour {-Cast -Tele rElec MR+ rCorr}
    20 | D        | Found the +18 shield of the Gong {rElec rN+ MR+ EV-5}
    20 | D        | Found the cursed +14 obsidian axe {chop, +Fly SInv *Curse}
    33 | D        | Found the +6 shillelagh "Devastator" {shatter}
    33 | D        | Found the +11 plutonium sword {*Contam Stlth-}
    33 | D        | Found the +8 lance "Wyrmbane" {slay drac, rPois rF+ rC+ AC+3}
    33 | D        | Found the +9 sword of Zonguldrok {reap}
    33 | D        | Found the cursed +13 scythe of Curses {drain, *Curse}
    33 | D        | Found the +0 sword of Power
    33 | D        | Found the +7 mace of Variability {chain chaos}
    33 | D        | Found the +7 Singing Sword
    33 | D        | Found the +7 longbow "Piercer" {penet, EV-2}
    38 | D        | Became a worshipper of Makhleb the Destroyer
    75 | D        | Entered arena 2.
    75 | D        | Noticed an iron imp
    75 | D        | Noticed an iron imp
    75 | D        | Found a transporter.
    77 | D        | Killed an iron imp
    77 | D        | Reached skill level 1 in Dodging
    77 | D        | Reached skill level 3 in Invocations
    77 | D        | Reached skill level 1 in Evocations
    77 | D        | Gained mutation: When hurt, damage is shared between your health and your magic reserves. [demonic ancestry]
    77 | D        | Reached XP level 2. HP: 24/24 MP: 1/4
    79 | D        | Reached skill level 4 in Invocations
    79 | D        | Reached XP level 3. HP: 30/30 MP: 1/6
    87 | D        | Entered arena 3.
    87 | D        | Noticed a water moccasin
    87 | D        | Found a transporter.
    90 | D        | Killed a water moccasin
    90 | D        | Reached * piety under Makhleb
    90 | D        | Reached skill level 6 in Invocations
    90 | D        | Reached XP level 4. HP: 38/38 MP: 2/8
    90 | D        | Gained mutation: You regenerate magic rapidly. [demonic ancestry]
    90 | D        | Reached XP level 5. HP: 43/43 MP: 2/9
    90 | D        | Reached skill level 5 in Axes
   100 | D        | Entered arena 4.
   100 | D        | Noticed an orc knight
   100 | D        | Noticed a deep elf knight
   100 | D        | Noticed a vault sentinel
   100 | D        | Found a transporter.
   101 | D        | Reached ** piety under Makhleb
   108 | D        | Killed a vault sentinel
   108 | D        | Reached skill level 5 in Fighting
   108 | D        | Reached skill level 5 in Armour
   108 | D        | Reached skill level 5 in Shields
   108 | D        | Reached skill level 8 in Invocations
   108 | D        | Reached XP level 6. HP: 29/51 MP: 2/12
   109 | D        | Slain by an orc knight

Skill      XL: |  1  2  3  4  5 |
---------------+----------------+-----
Axes           | 3 4 6 |  6.3
Armour         | 3 4 5 |  5.0
Dodging        | 1 2 4 |  4.1
Shields        | 3 4 5 |  5.0
Invocations    | 3 4 6 8 |  8.5
Evocations     | 1 2 3 4 |  4.4
Fighting       | 4 5 |  5.5

Action                   |  1- 3 |  4- 6 || total
-------------------------+-------+-------++-------
Melee: Broad axe         |     5 |     7 ||    12
 Stab: Distracted        |       |     1 ||     1
Armor: Scale mail        |     1 |       ||     1
Block: Shield            |     7 |    17 ||    24
